[Event "Team 45 45 League T46"]
[Site "Internet Chess Club"]
[Date "2010.09.10"]
[Round "6"]
[White "BotanicalKnight"]
[Black "stan-beers"]
[Result "1-0"]
[WhiteElo "1607"]
[BlackElo "1475"]
[Opening "King's pawn opening"]
[ECO "B07"]
[Time "20:03:20"]
[TimeControl "2700+45"]

1. e4 d6 2. Nc3 Nd7 3. g3 Ngf6 4. Bg2 e5 5. d3 c6 6. f4 h6 7. Nf3 Be7 8. Qe2 Qc7
9. a3 b5 10. O-O Nf8 11. Bd2 Bg4 12. h3 Bxf3 13. Qxf3 Ne6 14. g4 Nd4 15. Qd1
O-O-O 16. Ne2 Nxe2+ 17. Qxe2 Rdf8 18. a4 a6 19. axb5 axb5 20. Ra6 Kd7 21. Rfa1
Rb8 22. g5 hxg5 23. fxg5 Nh5 24. Ra7 Rb7 25. Qg4+ Ke8 26. Ra8+ Bd8 27. Ba5 Rb6
28. Bxb6 Qxb6+ 29. Kh2 Nf4 30. R1a6 Rxh3+ 31. Bxh3 Qf2+ 32. Bg2 Ng6 33. R6a7
Qf4+ 34. Qxf4 Nxf4 35. Rc8 Ne6 36. Bh3 {Black resigns} 1-0

[Event "Team 45 45 League T46"]
[Site "Internet Chess Club"]
[Date "2010.09.13"]
[Round "6"]
[White "Aquaman"]
[Black "kingsrook"]
[Result "1-0"]
[WhiteElo "1305"]
[BlackElo "1231"]
[Opening "Réti opening"]
[ECO "A05"]
[Time "15:00:13"]
[TimeControl "2700+45"]

1. Nf3 Nf6 2. g3 b6 3. Bg2 Bb7 4. O-O e6 5. d3 d5 6. Nbd2 Nbd7 7. Re1 Bc5 8. h3
O-O 9. e4 dxe4 10. dxe4 e5 11. b3 Re8 12. Bb2 b5 13. a3 a6 14. b4 Bb6 15. Nh4 c5
16. Nf5 Qc7 17. Nf1 Rad8 18. Qd6 Re6 19. Qxc7 Bxc7 20. Rad1 cxb4 21. axb4 Nb6
22. Nh2 Nc4 23. Bc1 Nd6 24. Nxd6 Rexd6 25. Rxd6 Rxd6 26. Kf1 h6 27. g4 Rc6 28.
Re2 Rc4 29. f3 Rxb4 30. Ke1 Rb1 31. Kd1 a5 32. c3 Rb3 33. Kc2 a4 34. Nf1 Ba5 35.
Bb2 Bc8 36. Nd2 Be6 37. Nxb3 Bxb3+ 38. Kb1 b4 39. cxb4 Bxb4 40. Bxe5 a3 41. Bf1
Nd7 42. Bd4 Nc5 43. Rf2 Na4 44. Bd3 Nc3+ 45. Ka1 Na4 46. Bc2 Bxc2 47. Rxc2 Nb2
48. Rc8+ Kh7 49. Bxb2 axb2+ 50. Kxb2 Be1 51. Kb3 Bg3 52. Kc4 Kg6 53. Kd5 f6 54.
Ke6 Be5 55. h4 Kh7 56. h5 Bf4 57. Kf7 Be5 58. Rg8 f5 59. exf5 Bf6 60. f4 Bd4 61.
g5 Bf6 62. g6# {Black checkmated} 1-0

[Event "Team 45 45 League T46"]
[Site "Internet Chess Club"]
[Date "2010.09.13"]
[Round "6"]
[White "bowwrestler"]
[Black "theartist"]
[Result "1/2-1/2"]
[WhiteElo "1194"]
[BlackElo "1190"]
[Opening "French defense, Steiner variation"]
[ECO "C00"]
[Time "13:00:34"]
[TimeControl "2700+45"]

1. e4 e6 2. c4 c5 3. Nc3 Nc6 4. Nf3 d6 5. d4 cxd4 6. Nxd4 Nf6 7. Bg5 Be7 8. Be2
O-O 9. O-O Qb6 10. Nxc6 Qxc6 11. Qd3 Rd8 12. Bf3 Qc7 13. Qe2 h6 14. Be3 a6 15.
Rfe1 e5 16. Rad1 Be6 17. Nd5 Nxd5 18. cxd5 Bd7 19. Rc1 Qb8 20. Bb6 Rc8 21. Qe3
Bd8 22. Rxc8 Qxc8 23. Bxd8 Qxd8 24. Rc1 Rc8 25. h3 Rxc1+ 26. Qxc1 Qc8 27. Qxc8+
Bxc8 28. Be2 b5 29. b4 g6 30. g4 {Game drawn by mutual agreement} 1/2-1/2

[Event "Team 45 45 League T46"]
[Site "Internet Chess Club"]
[Date "2010.09.13"]
[Round "6"]
[White "whale5970"]
[Black "az2112"]
[Result "1-0"]
[WhiteElo "1790"]
[BlackElo "1716"]
[Opening "English orang-utan"]
[ECO "A15"]
[Time "12:00:34"]
[TimeControl "2700+45"]

1. c4 Nf6 2. b4 e6 3. a3 d5 4. cxd5 exd5 5. Bb2 Bf5 6. e3 Nbd7 7. Nf3 h6 8. Nd4
Bg6 9. Be2 Be7 10. f4 c6 11. O-O Bxb1 12. Rxb1 O-O 13. Qe1 Ne4 14. d3 Nd6 15.
Qg3 Bh4 16. Qg4 Bf6 17. Rf3 Qe7 18. Rg3 g6 19. Qh3 Kh7 20. Bg4 c5 21. Bxd7 cxd4
22. exd4 Rad8 23. Bg4 Nb5 24. Re3 Qd6 25. Re5 Bxe5 26. fxe5 Qb6 27. Qe3 Nc7 28.
Bc1 g5 29. Bf5+ Kg7 30. Qg3 Qxd4+ 31. Be3 Qh4 32. Qf3 Ne6 33. g3 g4 34. Bxg4 Qe7
35. Bf5 Ng5 36. Qg4 Kh8 37. Qh5 Kg7 38. e6 Qf6 39. Bxg5 Qxg5 40. Qxg5+ hxg5 41.
e7 Rfe8 42. exd8=Q Rxd8 {Black resigns} 1-0

[Event "Team 45 45 League T46"]
[Site "Internet Chess Club"]
[Date "2010.09.12"]
[Round "6"]
[White "mmf00"]
[Black "JABalin"]
[Result "0-1"]
[WhiteElo "1539"]
[BlackElo "1814"]
[Opening "Sicilian: Alapin's variation (2.c3)"]
[ECO "B22"]
[Time "20:00:13"]
[TimeControl "2700+45"]

1. e4 c5 2. c3 Nf6 3. e5 Nd5 4. d4 cxd4 5. cxd4 Nc6 6. Nf3 d6 7. Bc4 Nb6 8. Bb3
d5 9. Nc3 Bg4 10. Be3 e6 11. h3 Bxf3 12. Qxf3 Na5 13. Bc2 Nac4 14. Rb1 Qc8 15.
Bc1 a6 16. O-O Nd7 17. Re1 b5 18. a3 Qc7 19. Qg3 Rc8 20. Bb3 Nxa3 21. Nxd5 exd5
22. bxa3 Qc6 23. Bb2 Qe6 24. Rec1 Rxc1+ 25. Rxc1 Nb6 26. f4 Nc4 27. Bxc4 bxc4
28. Rf1 g6 29. Rf2 Bg7 30. f5 Qb6 31. f6 Bh6 32. Re2 Qe6 33. Qh4 Bf8 34. Bc1 h5
35. Rb2 Kd7 36. Qg3 h4 37. Qc3 Qc6 38. Qa5 c3 39. Rb6 Qc4 40. Rb7+ Ke6 41. Qb6+
Kf5 42. Qc7 Qxd4+ 43. Kh2 Qxe5+ 44. Qxe5+ Kxe5 45. Rxf7 Bd6 46. Kg1 Ke6 47. Ra7
Bc5+ 48. Kf1 Bxa7 49. Ke2 d4 50. Kd3 Kxf6 51. Bf4 g5 52. Bd6 Re8 53. Bb4 Re3+
54. Kc4 c2 55. Bd2 Rc3+ 56. Bxc3 c1=Q 57. Kd5 Qxc3 58. Ke4 Qe3+ 59. Kd5 d3 60.
Kc4 d2 61. Kb4 d1=Q 62. Kc4 Qed4# {White checkmated} 0-1

[Event "Team 45 45 League T46"]
[Site "Internet Chess Club"]
[Date "2010.09.11"]
[Round "6"]
[White "Oscar"]
[Black "Zappy"]
[Result "1-0"]
[WhiteElo "1534"]
[BlackElo "1059"]
[Opening "Queen's pawn game"]
[ECO "D05"]
[Time "16:00:40"]
[TimeControl "2700+45"]

1. d4 Nf6 2. Nf3 e6 3. e3 d5 4. c4 c5 5. Nc3 cxd4 6. Nxd4 Nc6 7. Be2 Nxd4 8.
Qxd4 Be7 9. O-O O-O 10. Rd1 h6 11. b3 dxc4 12. Qxc4 Qb6 13. Bb2 Bd7 14. Rac1 Bb4
15. Ne4 Bc6 16. Nxf6+ gxf6 17. Bxf6 Kh7 18. Bd3+ {Black resigns} 1-0

[Event "Team 45 45 League T46"]
[Site "Internet Chess Club"]
[Date "2010.09.12"]
[Round "6"]
[White "randallsr"]
[Black "Grenadier"]
[Result "1-0"]
[WhiteElo "1707"]
[BlackElo "1726"]
[Opening "Réti opening"]
[ECO "A11"]
[Time "20:02:56"]
[TimeControl "2700+45"]

1. Nf3 d5 2. c4 c6 3. cxd5 cxd5 4. g3 Nf6 5. Bg2 Nc6 6. b3 Bg4 7. Bb2 e6 8. O-O
Bc5 9. d4 Be7 10. a3 O-O 11. h3 Bf5 12. Nh4 Be4 13. Nd2 Bxg2 14. Nxg2 Rc8 15.
Rc1 Qb6 16. e3 Rc7 17. Ne1 Rfc8 18. Nd3 Na5 19. Rxc7 Rxc7 20. b4 Nc4 21. Nxc4
Rxc4 22. Qa1 Qc7 23. Rc1 Ne4 24. Rxc4 Qxc4 25. Qd1 Nc3 26. Qc2 Ne4 27. Qd1 Bg5
28. Nc5 Nd6 29. f4 Be7 30. Kf2 b6 31. Nd3 Ne4+ 32. Kf3 Qa2 33. Qc1 Qc4 34. Qd1
h6 35. Nf2 f5 36. Nxe4 fxe4+ 37. Kf2 Kf7 38. Qc1 Qd3 39. Qc3 Qd1 40. Qe1 Qf3+
41. Kg1 h5 42. Qf2 Qd1+ 43. Kg2 g6 44. h4 Qg4 45. Kh2 Qd1 46. Kg2 a5 47. Bc3 Qb3
48. Qd2 Qxa3 49. bxa5 bxa5 50. Bxa5 Kf6 51. Bc3 Qa6 52. Kf2 Kf5 53. Qb2 Kg4 54.
Be1 Ba3 55. Qd2 Qc4 56. Qd1+ Kh3 57. Bd2 Bb4 58. g4 Be7 59. g5 Qd3 60. Qh1+ Kg4
61. Qg2+ Kf5 62. Qh3# {Black checkmated} 1-0

[Event "Team 45 45 League T46"]
[Site "Internet Chess Club"]
[Date "2010.09.11"]
[Round "6"]
[White "GoIrish"]
[Black "Giacometti"]
[Result "0-1"]
[WhiteElo "1522"]
[BlackElo "1694"]
[Opening "Réti v Dutch"]
[ECO "A04"]
[Time "21:01:39"]
[TimeControl "2700+45"]

1. Nf3 f5 2. e3 d6 3. d4 Nf6 4. Bd3 g6 5. c4 Bg7 6. Nc3 O-O 7. O-O Nc6 8. a3 e5
9. dxe5 dxe5 10. e4 f4 11. b4 Bg4 12. h3 Bxf3 13. Qxf3 Nd4 14. Qd1 c6 15. Ne2 f3
16. Nxd4 fxg2 17. Ne6 gxf1=Q+ 18. Qxf1 Qd7 19. Nxf8 Rxf8 20. Bb2 Nh5 21. Bc1 Rf3
22. Be2 Ng3 23. Qd1 Nxe2+ 24. Qxe2 Qxh3 25. Qf1 Qg4+ 26. Qg2 Qxe4 27. Be3 Rxe3
28. fxe3 Qxe3+ 29. Qf2 Bh6 30. Qxe3 Bxe3+ 31. Kg2 Kf7 32. Kf3 Bd4 33. Kg4 Bxa1
{White resigns} 0-1

[Event "Team 45 45 League T46"]
[Site "Internet Chess Club"]
[Date "2010.09.12"]
[Round "6"]
[White "badmove"]
[Black "Esslinger"]
[Result "1-0"]
[WhiteElo "1709"]
[BlackElo "1376"]
[Opening "King's Indian: 5.Nf3"]
[ECO "E90"]
[Time "16:06:14"]
[TimeControl "2700+45"]

1. d4 Nf6 2. c4 g6 3. Nc3 Bg7 4. e4 d6 5. Nf3 O-O 6. h3 e5 7. d5 Nbd7 8. Bg5 Nc5
9. b4 Ncd7 10. Bd3 b6 11. Nd2 a5 12. a3 axb4 13. axb4 Bb7 14. Nb5 Ba6 15. Nc3
Bb7 16. Nb5 Ba6 17. Nc3 Bb7 18. Nb3 Rxa1 19. Qxa1 Qa8 20. O-O Qxa1 21. Rxa1 Ra8
22. Nb5 Rxa1+ 23. Nxa1 Ne8 24. Bd8 c6 25. Nc7 Nxc7 26. Bxc7 Bf8 27. Be2 cxd5 28.
cxd5 f5 29. f3 Kf7 30. Nb3 Kf6 31. Bb5 Ke7 32. Bxd7 Kxd7 33. Bxb6 Ba6 34. Na5
Bh6 35. Kf2 Bd2 36. Nc6 Bb5 37. Nb8+ Kc8 38. Nc6 Kb7 39. Ba5 Bxc6 40. dxc6+ Kxc6
41. Ke2 Bc1 42. Kd3 Kb5 43. Bc7 Bb2 44. Bxd6 Bd4 45. f4 Bf2 46. fxe5 Bg3 47.
exf5 gxf5 48. Ke3 {Black resigns} 1-0

[Event "Team 45 45 League T46"]
[Site "Internet Chess Club"]
[Date "2010.09.12"]
[Round "6"]
[White "kingsrook"]
[Black "medsurg"]
[Result "1-0"]
[WhiteElo "1245"]
[BlackElo "1271"]
[Opening "QGD Slav: exchange variation"]
[ECO "D12"]
[Time "19:00:22"]
[TimeControl "2700+45"]

1. d4 d5 2. Nf3 Nf6 3. e3 Bf5 4. c4 c6 5. cxd5 cxd5 6. Nc3 a6 7. Qb3 Bc8 8. Bd3
e6 9. Bd2 Nbd7 10. O-O g6 11. e4 dxe4 12. Nxe4 Qb6 13. Qxb6 {Black resigns} 1-0

[Event "Team 45 45 League T46"]
[Site "Internet Chess Club"]
[Date "2010.09.10"]
[Round "6"]
[White "eurander"]
[Black "theophilus"]
[Result "1/2-1/2"]
[WhiteElo "2182"]
[BlackElo "2237"]
[Opening "French: Tarrasch"]
[ECO "C03"]
[Time "10:02:03"]
[TimeControl "2700+45"]

1. e4 e6 2. d4 d5 3. Nd2 Be7 4. Bd3 c5 5. dxc5 Nf6 6. Qe2 O-O 7. Ngf3 a5 8. O-O
Na6 9. e5 Nd7 10. c3 Naxc5 11. Bc2 b6 12. Re1 Ba6 13. Qe3 f6 14. exf6 Bxf6 15.
Nb3 Re8 16. Nxc5 bxc5 17. Ng5 Bxg5 18. Qxg5 Qxg5 19. Bxg5 h6 20. Bh4 Kf7 21. Ba4
Ra7 22. Rad1 Rb8 23. Rd2 Nf6 24. Bg3 Rb6 25. f3 Rab7 26. b3 Bb5 27. Bxb5 Rxb5
28. Rde2 R5b6 29. Bf2 Rc6 30. Rb1 Nd7 31. f4 Nf6 32. f5 exf5 33. Re5 g6 34. Rd1
Re7 35. Rde1 Ne4 36. Rxd5 Nxc3 37. Rxe7+ Kxe7 38. Rxc5 Rxc5 39. Bxc5+ Ke6 40. a3
Kd5 41. Bb6 a4 42. bxa4 Nxa4 43. Be3 h5 44. Kf2 Ke4 45. Bd2 Nc5 46. Kg3 Kd5 47.
Kh4 Ne4 48. Be1 Kc5 49. a4 Kc6 50. g3 Kb6 51. Kh3 Kc5 52. Kg2 Kc4 53. Kf3 Nc5
54. a5 Kb5 55. Ke3 Ne6 56. Kd3 Ng5 57. Ke3 Ne6 58. h4 Kc5 59. Kd3 f4 {Game drawn
by mutual agreement} 1/2-1/2

[Event "Team 45 45 League T46"]
[Site "Internet Chess Club"]
[Date "2010.09.12"]
[Round "6"]
[White "chess92192"]
[Black "pestka"]
[Result "0-1"]
[WhiteElo "2046"]
[BlackElo "2262"]
[Opening "QGD: Cambridge Springs defense, Argentine variation"]
[ECO "D52"]
[Time "15:33:49"]
[TimeControl "2700+45"]

1. d4 d5 2. c4 e6 3. Nc3 c6 4. Nf3 Nf6 5. Bg5 Nbd7 6. e3 Qa5 7. Nd2 Bb4 8. Qc2
O-O 9. Bh4 c5 10. dxc5 Qxc5 11. Bd3 dxc4 12. Nxc4 b5 13. Nd2 Bb7 14. O-O Rac8
15. Nb3 Qh5 16. Bg3 Nb6 17. Be2 Qg5 18. h4 Qh6 19. Bxb5 Ne4 20. Bf4 Qxh4 21. Bd7
Nxd7 {White resigns} 0-1

[Event "Team 45 45 League T46"]
[Site "Internet Chess Club"]
[Date "2010.09.12"]
[Round "6"]
[White "azbycx"]
[Black "hewdondada"]
[Result "1-0"]
[WhiteElo "1887"]
[BlackElo "1827"]
[Opening "Queen's pawn game, Darooha variation "]
[ECO "D02"]
[Time "21:03:53"]
[TimeControl "2700+45"]

1. d4 d5 2. Nf3 Nf6 3. g3 Bf5 4. Bg2 h6 5. O-O c6 6. c4 e6 7. Nc3 Bd6 8. b3 Nbd7
9. Bb2 Ne4 10. Nd2 Ndf6 11. f3 Nxc3 12. Bxc3 Bg6 13. Qc1 O-O 14. e4 e5 15. c5
Be7 16. Kh1 exd4 17. Bxd4 dxe4 18. Qb2 e3 19. Bxe3 Qd3 20. Rfe1 Rfe8 21. Rad1
Rad8 22. Bf1 Qc2 23. Qxc2 Bxc2 24. Rc1 Bd3 25. Bxd3 Rxd3 26. Nc4 Bf8 27. Rcd1
Rxd1 28. Rxd1 Nd5 29. Bd4 Nb4 30. Rd2 Na6 31. Nd6 Bxd6 32. cxd6 c5 33. Bf2 b6
34. g4 Rd8 35. Bg3 Rd7 36. Kg2 f6 37. f4 Kf7 38. f5 Nb8 39. Kf3 Nc6 40. Ke4 g6
41. fxg6+ Kxg6 42. Kd5 Nd8 43. Re2 Kf7 44. Bf4 a6 45. Bxh6 Ra7 46. Rf2 Kg6 47.
g5 fxg5 48. Bf8 Rf7 49. Rxf7 Kxf7 50. Be7 Ne6 51. Kc6 b5 52. Kd5 g4 53. Bh4 a5
54. d7 a4 55. bxa4 c4 56. d8=Q Nxd8 57. Bxd8 c3 58. axb5 Kg6 59. Ba5 {Black
resigns} 1-0

[Event "Team 45 45 League T46"]
[Site "Internet Chess Club"]
[Date "2010.09.11"]
[Round "6"]
[White "RamRock"]
[Black "tourettes"]
[Result "1-0"]
[WhiteElo "1806"]
[BlackElo "1450"]
[Opening "French: exchange variation"]
[ECO "C01"]
[Time "13:02:11"]
[TimeControl "2700+45"]

1. e4 e6 2. d4 d5 3. exd5 exd5 4. Nf3 Nf6 5. Bg5 Nbd7 6. Bd3 Be7 7. O-O O-O 8.
Re1 Re8 9. Nbd2 c5 10. c3 c4 11. Bc2 b5 12. Ne5 Bb7 13. Nf1 Ne4 14. Bxe7 Rxe7
15. Nxd7 Qxd7 16. f3 Nf6 17. Qd2 Rae8 18. Re3 Rxe3 19. Nxe3 g6 20. Re1 Qd6 21.
g3 Qe6 22. Ng2 Qd7 23. Rxe8+ Qxe8 24. Kf2 Kg7 25. Qe3 Qxe3+ 26. Kxe3 g5 27. h4
h6 28. hxg5 hxg5 29. Bf5 Bc6 30. Bc2 Bd7 31. Ne1 Nh5 32. f4 gxf4+ 33. gxf4 Ng3
34. Nf3 f6 35. Nh4 f5 36. Nf3 Nh5 37. Ne5 Bc8 38. Nc6 Bd7 39. Ne7 Ng3 40. Nxd5
Bc6 41. Ne7 Bd7 42. Kf3 Nh5 43. Bxf5 Be8 44. Nd5 Bc6 45. Be4 Bd7 46. f5 Kf7 47.
Kg4 Ng7 48. Kf4 Nh5+ 49. Kg5 Ng3 50. Bc2 Bc6 51. Nf4 Nf1 52. d5 Bd7 53. Ne6 Ne3
54. Be4 Nd1 55. f6 Nxb2 56. Bg6+ Kg8 57. f7+ {Black resigns} 1-0

[Event "Team 45 45 League T46"]
[Site "Internet Chess Club"]
[Date "2010.09.12"]
[Round "6"]
[White "Monsoon-Smith"]
[Black "Terte"]
[Result "1/2-1/2"]
[WhiteElo "2105"]
[BlackElo "2020"]
[Opening "King's Indian defense, 3.Nc3"]
[ECO "E61"]
[Time "12:33:17"]
[TimeControl "2700+45"]

1. d4 Nf6 2. c4 g6 3. Nc3 Bg7 4. Nf3 O-O 5. g3 d5 6. cxd5 Nxd5 7. Bg2 Nxc3 8.
bxc3 c5 9. O-O Nc6 10. Be3 Be6 11. Qa4 cxd4 12. cxd4 Qa5 13. Qxa5 Nxa5 14. Ne5
Nc4 15. Nxc4 Bxc4 16. Rfc1 Bxe2 17. Rc7 e6 18. Rxb7 Rad8 19. Rxa7 Bxd4 20. Bxd4
Rxd4 21. Ra8 Rxa8 22. Bxa8 Ra4 23. Bg2 Ra3 24. Bf1 Bxf1 25. Kxf1 Kg7 26. Ke2 Kf6
27. Kd2 Kf5 28. Kc2 Kg4 29. Kb2 Ra7 30. a4 Kh3 31. Kb3 Kxh2 32. Kb4 Kg2 33. Ra2
h5 34. a5 g5 35. Kb5 h4 36. gxh4 gxh4 37. Kb6 Ra8 38. Kb7 Rh8 39. f4+ Kg3 40. a6
h3 41. a7 h2 42. Ra1 Kxf4 43. a8=Q Rxa8 44. Kxa8 f5 45. Kb7 Kg3 46. Kc6 f4 47.
Kc5 f3 48. Kd4 Kg2 49. Ke3 f2 50. Ke2 e5 51. Rf1 Kg3 52. Rh1 e4 53. Rxh2 f1=Q+
54. Kxf1 Kxh2 55. Kf2 e3+ 56. Kxe3 {Game drawn because neither player has mating
material} 1/2-1/2

[Event "Team 45 45 League T46"]
[Site "Internet Chess Club"]
[Date "2010.09.12"]
[Round "6"]
[White "koni"]
[Black "Ivio"]
[Result "1-0"]
[WhiteElo "1863"]
[BlackElo "1823"]
[Opening "QGD"]
[ECO "D52"]
[Time "14:00:16"]
[TimeControl "2700+45"]

1. Nf3 d5 2. d4 Nf6 3. c4 e6 4. Nc3 c6 5. Bg5 Nbd7 6. e3 Be7 7. Qc2 h6 8. Bh4
O-O 9. Rd1 Nh7 10. Bxe7 Qxe7 11. Bd3 Ng5 12. Nxg5 Qxg5 13. O-O Nf6 14. Rfe1 Ng4
15. b4 Qh4 16. h3 Nf6 17. e4 Qg5 18. e5 Nh5 19. Re3 f6 20. Bg6 f5 21. Bxh5 Qxh5
22. cxd5 exd5 23. Qe2 Qe8 24. f4 Be6 25. Rg3 Bf7 26. Qd3 Qe6 27. b5 Qc8 28. bxc6
bxc6 29. Na4 Rb8 30. Nc5 Re8 31. Rb1 Rb6 32. Rb3 Kh8 33. Qb1 Rxb3 34. Rxb3 Be6
35. Rb7 a5 36. Qb6 Qa8 37. Nxe6 {Black resigns} 1-0

[Event "Team 45 45 League T46"]
[Site "Internet Chess Club"]
[Date "2010.09.11"]
[Round "6"]
[White "cosen"]
[Black "Magagna"]
[Result "0-1"]
[WhiteElo "1648"]
[BlackElo "1881"]
[Opening "French: exchange variation"]
[ECO "C01"]
[Time "14:00:22"]
[TimeControl "2700+45"]

1. e4 e6 2. d4 d5 3. exd5 exd5 4. Nf3 Nf6 5. Bd3 Bd6 6. O-O O-O 7. Re1 Bg4 8. h3
Bh5 9. Nbd2 c6 10. c4 Nbd7 11. b3 Re8 12. Bb2 Nf8 13. g4 Bg6 14. Nf1 Rxe1 15.
Nxe1 Qd7 16. Ng2 Ne6 17. Bxg6 fxg6 18. Qd2 Ne4 19. Qd3 Rf8 20. f3 N4g5 21. Nh4
Nxh3+ 22. Kg2 Nhf4+ 23. Kh1 Nxd3 24. Nxg6 hxg6 25. Rd1 Nxb2 26. Rd2 Nf4 27. Ng3
Qe6 28. Rxb2 Qe1+ 29. Kh2 Ne2 30. Rxe2 Bxg3+ 31. Kg2 Qxe2+ 32. Kxg3 Rxf3+ 33.
Kh4 Qe4 34. a4 Kh7 35. b4 Kh6 {White forfeits on time} 0-1

[Event "Team 45 45 League T46"]
[Site "Internet Chess Club"]
[Date "2010.09.11"]
[Round "6"]
[White "ILRE"]
[Black "ticopatzer"]
[Result "0-1"]
[WhiteElo "1517"]
[BlackElo "1558"]
[Opening "King's pawn opening"]
[ECO "B07"]
[Time "16:02:32"]
[TimeControl "2700+45"]

1. e4 d6 2. g3 c5 3. Bg2 g6 4. d3 Bg7 5. f4 Nc6 6. c3 Nf6 7. Nf3 O-O 8. O-O Nd7
9. Na3 e5 10. f5 Nf6 11. Nh4 d5 12. Qe2 dxe4 13. dxe4 b6 14. Be3 Bb7 15. Rad1
Qe7 16. g4 Ba6 17. c4 Nd4 18. Bxd4 cxd4 19. g5 Nh5 20. f6 Nxf6 21. gxf6 Bxf6 22.
Nf3 Rad8 23. Ne1 Bg7 24. Nd3 Bb7 25. Nb1 Bh6 26. Nd2 Be3+ 27. Kh1 Rfe8 28. Nf2
Bc8 29. Rfe1 Qh4 30. Rf1 Bf4 31. Nf3 Qh5 32. Nd3 Bxh2 33. Nf2 Bf4+ 34. Kg1 Be3
35. Rd3 Bg4 36. Rxe3 dxe3 37. Qxe3 Bxf3 38. Qxf3 Qxf3 39. Bxf3 Rd2 40. Ng4 Kg7
41. Rb1 h5 42. Nf2 Kh6 43. Nd1 g5 44. Nc3 g4 45. Bg2 h4 46. Nd5 h3 47. Bf1 Kg5
48. b4 Rh8 49. a4 g3 50. Rb3 h2+ 51. Kh1 g2+ 52. Bxg2 Rd1+ 53. Bf1 Rxf1+ 54. Kg2
{White resigns} 0-1

[Event "Team 45 45 League T46"]
[Site "Internet Chess Club"]
[Date "2010.09.13"]
[Round "6"]
[White "Rapidcitychess"]
[Black "BrandonBee"]
[Result "1-0"]
[WhiteElo "1548"]
[BlackElo "1525"]
[Opening "Dutch, 2.Bg5 variation"]
[ECO "A80"]
[Time "15:30:04"]
[TimeControl "2700+45"]

1. d4 f5 2. Bg5 Nf6 3. Nc3 c6 4. Bxf6 exf6 5. Qd2 d5 6. O-O-O Nd7 7. Nf3 Nb6 8.
e3 Bb4 9. a3 Bd6 10. Bd3 Be6 11. h3 Nd7 12. Rhe1 a5 13. Ng1 a4 14. Nge2 g6 15.
Nf4 Bf7 16. f3 b5 17. e4 dxe4 18. fxe4 O-O 19. Kb1 b4 20. axb4 Bxb4 21. exf5 g5
22. Ne6 Qb6 23. Nxf8 Kxf8 24. Re3 Ba3 25. Nb5 Be7 26. Rde1 cxb5 27. Rxe7 Qxd4
28. Qe3 Qxe3 29. R1xe3 Ne5 30. Rb7 Nxd3 31. Rxd3 Re8 32. c3 Bb3 33. Kc1 Re1+ 34.
Kd2 Rd1+ 35. Ke3 Rxd3+ 36. Kxd3 Bc4+ 37. Kd2 Bf1 38. Ke1 Bc4 39. g4 Bd3 40. Rxh7
Kg8 41. Rc7 Bc4 42. Kf2 Bd5 43. Rc5 Bc4 44. Rxc4 bxc4 45. Ke3 {Black resigns}
1-0

[Event "Team 45 45 League T46"]
[Site "Internet Chess Club"]
[Date "2010.09.11"]
[Round "6"]
[White "Helaman"]
[Black "rookmaster23"]
[Result "0-1"]
[WhiteElo "1433"]
[BlackElo "1495"]
[Opening "Sicilian: Grand Prix attack"]
[ECO "B23"]
[Time "21:30:25"]
[TimeControl "2700+45"]

1. e4 c5 2. Nc3 Nc6 3. f4 g6 4. Nf3 Bg7 5. d3 e6 6. g3 Nge7 7. Bg2 O-O 8. Be3
Qa5 9. Bd2 Qb6 10. O-O d5 11. Ne2 Rd8 12. Rb1 dxe4 13. dxe4 Nd4 14. Nexd4 Bxd4+
15. Nxd4 Rxd4 16. Qe2 Bd7 17. Kh1 Bb5 18. Qf2 Bxf1 19. Bxf1 Qc6 20. Bg2 Rad8 21.
Bc3 Rd1+ 22. Rxd1 Rxd1+ {White resigns} 0-1

[Event "Team 45 45 League T46"]
[Site "Internet Chess Club"]
[Date "2010.09.12"]
[Round "6"]
[White "JWB"]
[Black "justice02"]
[Result "0-1"]
[WhiteElo "1689"]
[BlackElo "1752"]
[Opening "QGD: Marshall defense"]
[ECO "A50"]
[Time "14:30:13"]
[TimeControl "2700+45"]

1. d4 Nf6 2. c4 d5 3. cxd5 Nxd5 4. e4 Nf6 5. Nc3 c6 6. Nf3 Bg4 7. Be2 Nbd7 8.
O-O e6 9. a3 Be7 10. Be3 O-O 11. Nd2 Bxe2 12. Qxe2 Re8 13. Rfd1 Qc7 14. Rac1 Qa5
15. Nb3 Qh5 16. Qxh5 Nxh5 17. d5 exd5 18. exd5 cxd5 19. Nxd5 Bd8 20. Nc7 Bxc7
21. Rxc7 Ne5 22. h3 b6 23. Rdc1 h6 24. Rb7 Reb8 25. Re7 Re8 26. Rcc7 Rxe7 27.
Rxe7 Nc4 28. Bd4 Nf4 29. Bc3 Nd5 30. Re4 Rc8 31. Bd4 f5 32. Re1 a5 33. Rd1 a4
34. Nd2 Na5 35. Nb1 Nb3 36. Bc3 Nf4 37. Rd6 b5 38. Rd7 Ne2+ 39. Kf1 Nxc3 40.
Nxc3 Rc5 41. Rb7 Nd4 42. Ke1 f4 43. Kd2 Rg5 44. Kd3 Ne6 45. Rxb5 Rxg2 46. Ne4
Rh2 47. Rb4 Rxh3+ 48. f3 Rxf3+ 49. Ke2 Rb3 50. Rxa4 Rxb2+ 51. Kf3 g5 52. Kg4 Kf7
53. Kf5 Rb5+ 54. Kg4 Nc5 55. Nd6+ Ke6 56. Rd4 Ra5 57. Nc4 Ra6 58. Kh5 Kf7 59.
Rd5 Ne4 60. Rf5+ Rf6 61. Ne5+ Ke6 62. Rxf6+ Kxf6 63. Ng4+ Kg7 64. Ne5 Nf6#
{White checkmated} 0-1

[Event "Team 45 45 League T46"]
[Site "Internet Chess Club"]
[Date "2010.09.11"]
[Round "6"]
[White "Gilguli"]
[Black "BenjaminSisko"]
[Result "0-1"]
[WhiteElo "1414"]
[BlackElo "1534"]
[Opening "Sicilian defense"]
[ECO "B20"]
[Time "15:18:54"]
[TimeControl "2700+45"]

1. e4 c5 2. a3 g6 3. b4 Bg7 4. c3 cxb4 5. axb4 d5 6. exd5 Qxd5 7. Ra5 Qe4+ 8.
Qe2 Qxb1 9. Kd1 Nc6 10. Rc5 Be6 11. Qb5 Bb3+ 12. Ke2 Qe4# {White checkmated} 0-1

[Event "Team 45 45 League T46"]
[Site "Internet Chess Club"]
[Date "2010.09.11"]
[Round "6"]
[White "rayngrant"]
[Black "gmlevanzov"]
[Result "1-0"]
[WhiteElo "1589"]
[BlackElo "1462"]
[Opening "Sicilian: Najdorf variation"]
[ECO "B98"]
[Time "14:06:24"]
[TimeControl "2700+45"]

1. e4 c5 2. Nf3 d6 3. d4 cxd4 4. Nxd4 Nf6 5. Nc3 a6 6. Bg5 e6 7. f4 Be7 8. Qf3
Qc7 9. O-O-O O-O 10. g4 Nbd7 11. h4 b5 12. Bxf6 Nxf6 13. g5 Nd7 14. h5 b4 15. g6
bxc3 16. gxf7+ Kxf7 17. Qg4 cxb2+ 18. Kb1 Nf6 19. Qg2 Bb7 20. Bd3 Ke8 21. Nxe6
Qc6 22. Nxf8 Bxf8 23. Qg5 Nxe4 24. Bxe4 Qxe4 25. Rhe1 Qxe1 26. Rxe1+ Kd7 27.
Qf5+ Kc7 28. Re3 Bc6 29. Qf7+ Kb6 30. Rb3+ Bb5 31. a4 {Black resigns} 1-0

[Event "Team 45 45 League T46"]
[Site "Internet Chess Club"]
[Date "2010.09.11"]
[Round "6"]
[White "eyalki"]
[Black "FractalDante"]
[Result "0-1"]
[WhiteElo "1275"]
[BlackElo "1494"]
[Opening "Sicilian defense"]
[ECO "B30"]
[Time "14:00:38"]
[TimeControl "2700+45"]

1. e4 c5 2. Nf3 Nc6 3. Bc4 a6 4. Nc3 b5 5. Bd5 Bb7 6. O-O e6 7. Bxc6 Bxc6 8. d3
Be7 9. Re1 Nf6 10. d4 cxd4 11. Nxd4 Bb7 12. e5 Nd5 13. Nxd5 Bxd5 14. Nf3 Rc8 15.
a3 O-O 16. b4 Qc7 17. Bg5 Bxg5 18. Nxg5 Qxc2 19. Qxc2 Rxc2 20. Rac1 Rfc8 21.
Rxc2 Rxc2 22. f3 Rc3 23. Ra1 f6 24. exf6 gxf6 25. Nh3 Kf7 26. Nf2 Ke7 27. Ne4
Bxe4 28. fxe4 Re3 29. a4 Rxe4 30. axb5 axb5 31. Rb1 h5 32. Kf2 f5 33. Rb3 d5 34.
Rh3 h4 35. g3 hxg3+ 36. Rxg3 Rxb4 37. Rg7+ Kd6 38. Rh7 Ke5 39. h4 Rg4 40. h5 Kf4
41. h6 Rh4 42. Rh8 e5 43. Ke2 d4 44. Kd3 Rh3+ 45. Ke2 e4 46. Kf2 d3 47. Rb8 Rxh6
48. Rxb5 e3+ 49. Kg2 Rg6+ 50. Kf1 Rg5 51. Rb4+ Kf3 52. Rd4 e2+ 53. Ke1 Rg1+
{White resigns} 0-1

[Event "Team 45 45 League T46"]
[Site "Internet Chess Club"]
[Date "2010.09.10"]
[Round "6"]
[White "chiiwen"]
[Black "Gregorio"]
[Result "1-0"]
[WhiteElo "2126"]
[BlackElo "2035"]
[Opening "Ruy Lopez: fianchetto (Smyslov/Barnes) defense"]
[ECO "C60"]
[Time "22:00:52"]
[TimeControl "2700+45"]

1. e4 e5 2. Nf3 Nc6 3. Bb5 g6 4. c3 Bg7 5. d4 exd4 6. cxd4 a6 7. Ba4 Nge7 8. d5
Ne5 9. Nxe5 Bxe5 10. O-O b5 11. Bb3 O-O 12. Nc3 d6 13. Bh6 Re8 14. Qd2 Kh8 15.
Rae1 Ng8 16. Bg5 Bf6 17. Bxf6+ Qxf6 18. f4 Bd7 19. e5 Qg7 20. e6 fxe6 21. dxe6
Bc6 22. f5 Nf6 23. fxg6 d5 24. Qd4 Nh5 25. Qxg7+ Kxg7 26. Rf7+ Kxg6 27. Bc2+ Kg5
28. Re5+ {Black resigns} 1-0